 Dungeon Crawl Stone Soup version 0.19-a0-1213-g90c832c (webtiles) character file.

39 Lindan9 the Sneak (level 3, -3/24 HPs)
             Began as a Vampire Ice Elementalist on Aug 23, 2016.
             Slain by a worm (4 damage)
             ... on level 2 of the Dungeon.
             The game lasted 00:08:58 (1271 turns).

Lindan9 the Sneak (Vampire Ice Elementalist)        Turns: 1271, Time: 00:08:58

Health: -3/24      AC:  1    Str:  7    XL:     3   Next: 26%
Magic:  0/6        EV: 13    Int: 18    God:
Gold:   70         SH:  0    Dex: 14    Spells: 1 memorised, 5 levels left

rFire  . . .     SeeInvis +     k - +0 dagger
rCold  . . .     Gourm    .     l - -1 robe (curse)
rNeg   + . .     Faith    .     (no shield)
rPois  .         Spirit   .     (no helmet)
rElec  .         Dismiss  .     (no cloak)
rCorr  .         Reflect  .     (no gloves)
MR     .....     Harm     .     (no boots)
Stlth  +++....... Clarity  +    (no amulet)
                                (no ring)
                                (no ring)

@: very slightly contaminated
A: fangs 3, see invisible, clarity, unbreathing
a: Bat Form


You were on level 2 of the Dungeon.
You were not thirsty.

You visited 1 branch of the dungeon, and saw 2 of its levels.

You collected 70 gold pieces.

Inventory:

Hand Weapons
 f - a +3 spear
 k - a +0 dagger (weapon)
Armour
 a - a +0 robe
 l - a cursed -1 robe (worn)
Scrolls
 e - 3 scrolls of identify
Potions
 c - 5 potions of blood
 d - a potion of curing {unknown}
 g - a potion of agility
 h - a potion of invisibility
 i - a potion of lignification {unknown}
 j - a potion of mutation {unknown}
 m - a potion of flight {unknown}
Books
 b - a book of Frost

   Spells                             Type                      Level
   a - Freeze                         Ice                          1
   b - Throw Frost                    Conjuration/Ice              2
   c - Ozocubu's Armour               Charms/Ice                   3
   d - Throw Icicle                   Conjuration/Ice              4
   e - Summon Ice Beast               Ice/Summoning                4


   Skills:
 + Level 2.7 Dodging
 + Level 3.8 Stealth
 + Level 2.2 Spellcasting
   Level 0.6 Conjurations
 + Level 3.6 Ice Magic


You had 5 spell levels left.
You knew the following spells:

 Your Spells              Type           Power        Failure   Level  Hunger
a - Freeze                Ice            ##..         4%          1    #......


Dungeon Overview and Level Annotations

Branches:
Dungeon (2/15)

Altars:
Ashenzari


Innate Abilities, Weirdness & Mutations

You have razor-sharp teeth.
You have supernaturally acute eyesight. (SInv)
You can survive without breathing.
You possess an exceptional clarity of mind.


Message History

You freeze the worm.
The worm is moderately wounded.
Casting: Freeze
Confirm with . or Enter, or press ? or * to list all spells.
Aiming: Freeze
Press: ? - help, Shift-Dir - straight line, f/p - worm
Aim: a worm (moderately wounded)
You miscast Freeze.
You are very lightly contaminated with residual magic.
Nothing appears to happen.
The worm bites you!
* * * LOW HITPOINT WARNING * * *
You hit the worm but do no damage.
The worm is moderately wounded.
You hit the worm but do no damage.
The worm is moderately wounded.
The worm misses you.
You hit the worm.
The worm is moderately wounded.
The worm bites you.
You die...

#.# ##.#######'####### #.#
#......##........# # #.#
#.#.##.##........# .#
#.###......##........####..
#.##.......######+#..((....
#.##...###.### #..........
#............# #####.......
#.........##.# #..........#
#.........@w.# #..........#
#..........#####..........#
.#######.........#
#.'...)#######
..††......#+####.#
#.#....####### .#####....#
#.# #.#...........
........# #.#
#.#......##### ###.#...#
#.# #.#(.....#.... #.###.#
#.###.###....#..## #. #.#
#.....#...<#.#....


You could see a worm.

Vanquished Creatures
  2 dart slugs (D:1)
  A ball python (D:1)
  3 bats (D:2)
  3 giant cockroaches
  3 goblins
  6 hobgoblins
  A quokka (D:2)
  6 giant newts
  3 kobolds
  6 rats
34 creatures vanquished.

Notes
Turn   | Place    | Note
-------+----------+-------------------------------------------
     0 | D:1      | Lindan9 the Vampire Ice Elementalist began the quest for the Orb.
     0 | D:1      | Reached XP level 1. HP: 13/13 MP: 3/3
   223 | D:1      | Reached XP level 2. HP: 19/19 MP: 1/5
   420 | D:1      | Gained mutation: You possess an exceptional clarity of mind. [potion of beneficial mutation]
   877 | D:2      | Found a shattered altar of Ashenzari.
   954 | D:2      | Reached XP level 3. HP: 24/24 MP: 6/6
  1268 | D:2      | HP: 1/24 [worm (11)]
  1271 | D:2      | Slain by a worm

Vault maps used:
D:1:      matt_arrival_los_fun, minmay_pentomino_p4
D:2:      ashenzari_altar_1

Action                   || total
-------------------------++-------
Melee: Unarmed           ||     6
       Dagger            ||    16
       Bite              ||     1
 Cast: Freeze            ||    41
  Use: Scroll            ||     5
       Potion            ||     1
 Stab: Sleeping          ||     7
  Eat: Corpse            ||     3
Armor: Robe              ||     6
Dodge: Dodged            ||    30
